 Dungeon Crawl Stone Soup version 0.30-a0-1006-g5d778dfbfc (webtiles) character file.

Game seed: 15472364456824667264

82813 kae the Alchemist (level 15, -18/157 HPs)
             Began as a Demonspawn Transmuter on Apr 5, 2023.
             Was the Champion of Hepliaklqana.
             Demolished by a titanic slime creature (64 damage)
             ... on level 15 of the Dungeon.
             The game lasted 00:33:47 (23075 turns).

kae the Alchemist (Demonspawn Transmuter)          Turns: 23075, Time: 00:33:47

Health: -18/157    AC: 20    Str: 23    XL:     15   Next: 30%
Magic:  0/25       EV: 16    Int: 22    God:    Hepliaklqana [******]
Gold:   2106       SH:  0    Dex: 13    Spells: 10/27 levels left

rFire   + + .      SeeInvis .      - Unarmed
rCold   x . .      Faith    .    (shield currently unavailable)
rNeg    + . .      Spirit   +    a - melded +1 robe
rPois   +          Reflect  .    (helmet unavailable)
rElec   .          Rampage  .    A - melded +2 cloak {rPois}
rCorr   .          Clarity  +    D - melded +2 pair of gloves
Will    ++++.                    (boots currently unavailable)
Stlth   +                        L - amulet of the Four Winds {rN+ Will+++ Clar}
HPRegen 0.46/turn                O - +4 ring of protection
MPRegen 0.38/turn                E - +5 ring of evasion

@: dragon-form, wereblooded, flying, studying 2 skills
A: dragon claw, dragon scales, breathe fire, flying, boosted hp, reduced
essence, giant, (horns 3), magic shield, magic regeneration, big brain 2,
demonic magic 2, weak 1
a: Breathe Fire, End Transformation, Renounce Religion, Recall Ancestor,
Ancestor Identity, Transference, Idealise


You were on level 15 of the Dungeon.
You worshipped Hepliaklqana.
Hepliaklqana was exalted by your worship.
You were a fearsome dragon!
You visited 3 branches of the dungeon, and saw 22 of its levels.
You also visited: Volcano.

You collected 3330 gold pieces.
You spent 1224 gold pieces at shops.


Innate Abilities, Weirdness & Mutations

You are a fearsome dragon!
You have a powerful clawing attack.
Your giant scaled body is strong and resiliant, but less evasive.
You can breathe fire.
You are flying.
Your maximum health is greatly increased.
Your armour is entirely melded.
You are incapable of wielding weapons or throwing items.
Your life essence is reduced to manifest your ancestor. (-10% HP)
((You have a pair of large horns on your head.))
When hurt, damage is shared between your health and your magic reserves.
You regenerate magic rapidly.
You have an extremely huge brain. (Int +4)
Spells you cast may paralyse nearby enemies.
You are weak. (Str -2)


   Skills:
 + Level 10.7 Fighting
 + Level 8.7 Dodging
 * Level 11.0 Unarmed Combat
 + Level 6.8 Spellcasting
 - Level 17.1 Transmutations
 - Level 6.0 Ice Magic
 - Level 2.5 Poison Magic


You had 10 spell levels left.
You knew the following spells:

 Your Spells              Type           Power      Damage    Failure   Level
a - Dragon Form           Tmut           35%        N/A       6%          7
b - Wereblood             Tmut           70%        N/A       0%          2
c - Spider Form           Tmut/Pois      50%        N/A       1%          3
d - Ice Form              Ice/Tmut       55%        N/A       1%          4
e - Beastly Appendage     Tmut           100%       N/A       0%          1

Your spell library contained the following spells:

 Spells                   Type           Power      Damage    Failure   Level
 Passwall                 Tmut/Erth      37%        N/A       1%          2
 Ensorcelled Hibernation  Hex/Ice        40%        N/A       3%          2
 Kiss of Death            Conj/Necr      28%        2d7       9%          1
 Lesser Beckoning         Tloc           14%        N/A       13%         2
 Confusing Touch          Hex            7%         N/A       26%         3
 Dazzling Flash           Conj/Hex       14%        N/A       26%         3
 Gell's Gravitas          Tloc           7%         N/A       26%         3
 Inner Flame              Hex/Fire       7%         N/A       26%         3
 Swiftness                Air            7%         N/A       26%         3
 Teleport Other           Tloc           7%         N/A       26%         3
 Anguish                  Hex/Necr       3%         N/A       63%         4
 Cause Fear               Hex            3%         N/A       63%         4
 Dispel Undead            Necr           7%         3d8       63%         4
 Flame Wave               Conj/Fire      7%         2d5       63%         4
 Sticky Flame             Conj/Fire      7%         2d3       63%         4
 Agony                    Necr           7%         N/A       93%         5
 Silence                  Hex/Air        3%         N/A       93%         5
 Enfeeble                 Hex            3%         N/A       100%        7
 Borgnjor's Revivificati  Necr           3%         N/A       100%        8
 Necromutation            Tmut/Necr      22%        N/A       100%        8
 Death's Door             Necr           3%         N/A       100%        9
 Dragon's Call            Summ           3%         N/A       100%        9

Inventory:

Armour
 a - a +1 robe (melded)
 r - the +9 scales of the Dragon King {rPois rF+ rC+ Will+}
   (You found it on level 6 of the Dungeon)

   rF:        It protects you from fire.
   rC:        It protects you from cold.
   rPois:     It protects you from poison.
   Will:      It increases your willpower.
 A - a +2 cloak of poison resistance (melded)
   (You found it on level 8 of the Dungeon)
 D - a +2 pair of gloves (melded)
   (You found it on level 10 of the Dungeon)
 Q - the +7 chain mail of Leaves {rF+ rN+ Str+4 Dex-3}
   (You found it on level 10 of the Dungeon)

   Str:       It affects your strength (+4).
   Dex:       It affects your dexterity (-3).
   rF:        It protects you from fire.
   rN:        It protects you from negative energy.
Magical Staves
 f - the staff of cold "Xiedicul" {rPois rC+ SInv, !a}
   (You found it on level 5 of the Lair of Beasts)

   [staff of cold]

   Base accuracy: +5 Base damage: 5 Base attack delay: 1.2 This weapon's minimum
   attack delay (0.6) is reached at skill level 12.
   rC:        It protects you from cold.
   rPois:     It protects you from poison.
   SInv:      It lets you see invisible.
   It falls into the 'Staves' category.
   It is a one-handed weapon.
 p - a staff of earth {!a}
   (You took it off Jorgrun on level 1 of the Orcish Mines)
 U - a staff of death {!a}
   (You found it on level 9 of the Dungeon)
Jewellery
 v - a ring of see invisible
   (You found it on level 2 of the Lair of Beasts)
 z - an amulet of reflection
   (You found it on level 8 of the Dungeon)
 C - a ring of protection from cold
   (You found it on level 5 of the Dungeon)
 E - a +5 ring of evasion (right foreclaw)
   (You found it on level 2 of the Dungeon)
 L - the amulet of the Four Winds (around neck) {rN+ Will+++ Clar}
   (You bought it in a shop on level 2 of the Orcish Mines)

   [amulet of nothing]

   rN:        It protects you from negative energy.
   Clar:      It protects you against confusion.
   Will:      It greatly increases your willpower.
 N - a ring of positive energy
   (You took it off a wight on level 10 of the Dungeon)
 O - a +4 ring of protection (left foreclaw)
   (You found it on level 2 of the Lair of Beasts)
 S - a +6 ring of strength
   (You found it on level 1 of the Dungeon)
 W - a ring of magical power
   (You found it on level 4 of the Lair of Beasts)
 Z - a ring of wizardry
   (You found it on level 8 of the Dungeon)
Wands
 c - a wand of digging (7)
   (You took it off a gnoll on level 12 of the Dungeon)
 t - a wand of flame (18)
   (You found it on level 6 of the Dungeon)
 u - a wand of mindburst (20)
   (You found it on level 8 of the Dungeon)
 H - a wand of roots (8)
   (You found it on level 9 of the Dungeon)
 I - a wand of polymorph (3)
   (You found it on level 14 of the Dungeon)
 K - a wand of light (32)
   (You found it on level 9 of the Dungeon)
 M - a wand of charming (13)
   (You found it on level 10 of the Dungeon)
Scrolls
 g - 6 scrolls of poison {!r}
 j - 5 scrolls of fear
 k - 4 scrolls of identify {@r1}
 y - 2 scrolls of enchant weapon
 B - a scroll of vulnerability {!r!r}
 F - 3 scrolls of amnesia
 G - a scroll of magic mapping {!r}
 R - 2 scrolls of blinking {!r}
 T - 3 scrolls of immolation {!r!r}
 X - a scroll of silence {!r}
 Y - 5 scrolls of teleportation {@r4}
Potions
 b - 4 potions of lignification {!q}
 d - a potion of cancellation
 e - 12 potions of curing {@q1}
 h - 6 potions of flight
 i - 5 potions of brilliance
 l - 7 potions of haste {@q3}
 m - 5 potions of mutation {!q}
 n - 2 potions of invisibility
 o - 2 potions of attraction {!q}
 q - 2 potions of heal wounds {@q2}
 s - 3 potions of magic
 w - 2 potions of might
 x - 3 potions of berserk rage {!q}
Miscellaneous
 J - a tin of tremorstones (2/2)
   (You found it on level 9 of the Dungeon)
 P - a condenser vane
   (You found it on level 10 of the Dungeon)
 V - a phantom mirror
   (You found it on level 5 of the Lair of Beasts)

Dungeon Overview and Level Annotations

Branches:
Dungeon (15/15) Zot: 26977  Temple (0/1) D:7            Lair (5/5) D:8 Zot: 23139
  Swamp (0/4) Lair:2       Spider (0/4) Lair:3        Slime (0/5) Lair:4
    Orc (2/2) D:12 Zot: 10522     Elf (0/3) Orc:2        Vaults (0/5) D:14
Volcano (visited)
 Depths: D:15

Altars:
Ashenzari
Cheibriados
Dithmenos
Hepliaklqana
Kikubaaqudgha
Okawaru
Sif Muna
Uskayaw
Vehumet
Wu Jian
Xom
Yredelemnul
Jiyva

Shops:
D:5 *(*   D:7 !   Orc:2 [[!(=!!

Annotations:
D:7 4 runed translucent doors
Lair:2 exclusion: oklob plant
Lair:3 1 runed translucent door
Lair:4 1 runed translucent door

##### ... #
... .# ..#
.## #.#...
##
####.#.#.$..
#)).....?.#
#R##<#.##.#
#D##.#
#J##.#
#.##.#
#.##..
..#### ..#
..# #..#


You could see the friendly Caesarion the hexer and a titanic slime creature
(ally target).


Message History

You turn into a fearsome dragon!
Your +2 cloak of poison resistance melds into your body.
Your +2 pair of gloves melds into your body.
Your +1 robe melds into your body.
You no longer feel resistant to poison.
Malevolent energies surge around you.
The yaktaur suddenly stops moving!
You hear a shout!
Caesarion gestures at the yaktaur while chanting.
The yaktaur resists with some effort.
The yaktaur hits you but does no damage.
You hit the yaktaur but do no damage. You tail-slap the yaktaur.
You kill the yaktaur!
The yaktaur is no longer paralysed.
The yaktaur wields a +0 arbalest.
The yaktaur shoots a bolt.
The bolt hits you!
The yaktaur wields a +0 arbalest.
The yaktaur shoots a bolt.
The bolt hits you. 2 yaktaurs and 3 slime creatures come into view.
The yaktaur shouts!
The slime creature quivers. x2
Two slime creatures merge to form a large slime creature.
The yaktaur unwields a +0 arbalest.
The yaktaur hits you but does no damage.
The yaktaur unwields a +0 arbalest.
The yaktaur hits you but does no damage.
You see here a +0 arbalest.
You bite the yaktaur!!
Caesarion casts a spell at the yaktaur.
The yaktaur resists with some effort.
A slime creature comes into view. x2
You claw the yaktaur!
The yaktaur closely misses you. x2 😕 HP[+32] MP[-7]
You now have 157 max hp (+52).
You regained 32 hp, and now have 126/157 hp.
You lost 7 mp, and now have 16/25 mp.
You bite the yaktaur!!
You kill the yaktaur!
The yaktaur closely misses you.
Caesarion points at the yaktaur and mumbles some strange words.
The yaktaur resists with some effort.
You maul the yaktaur!!!
You tail-slap the yaktaur.
You kill the yaktaur!
Two slime creatures merge to form a very large slime creature.
Two slime creatures merge to form a large slime creature.
You maul the yaktaur!!!
You kill the yaktaur!
The yaktaur wields a +0 arbalest.
The yaktaur shoots a bolt.
The bolt hits you but does no damage.
The yaktaur shoots a bolt.
The bolt hits you.
Things that are here:
a +0 arbalest; a +0 arbalest; 😕 HP[-2]
You take 2 damage, and now have 124/157 hp.
Unknown command.
Casting: Dragon Form (dangerous; 6% risk of failure)
Confirm with . or Enter, or press ? or * to list all spells.
Your blood is infused with primal strength.
Malevolent energies surge around you.
The yaktaur suddenly stops moving!
Two slime creatures merge to form a titanic slime creature.
The yaktaur is no longer paralysed.
The yaktaur shoots a bolt.
The bolt closely misses you.
The bolt closely misses Caesarion. 😕 MP[-1]
You lost 1 mp, and now have 15/25 mp.
The yaktaur unwields a +0 arbalest.
The yaktaur hits you.
You bite the yaktaur!!
Caesarion casts a spell at the yaktaur.
The yaktaur appears confused. 😕 HP[-4] MP[-1]
You take 4 damage, and now have 120/157 hp.
You lost 1 mp, and now have 14/25 mp.
You hit the yaktaur but do no damage. The yaktaur hits you!
You strike the helpless yaktaur from behind!
You hit the yaktaur.
You feel a bit better.
You kill the yaktaur! 😮 HP[-8]
You take 8 damage, and now have 112/157 hp.
You bite the titanic slime creature!! You bite the titanic slime creature!
The titanic slime creature completely misses you.
You hit the titanic slime creature.
You tail-slap the titanic slime creature.
The titanic slime creature hits you. 😮 HP[-4]
You take 4 damage, and now have 108/157 hp.
You are too injured to fight recklessly!
You are too injured to fight recklessly!
You maul the titanic slime creature!!!
Caesarion gestures at the titanic slime creature while chanting.
The titanic slime creature resists with some effort.
You are too injured to fight recklessly!
You are too injured to fight recklessly!
Unknown command.
You bite the titanic slime creature!!
You tail-slap the titanic slime creature.
The titanic slime creature hits you!!!
* * * LOW HITPOINT WARNING * * *
😨 HP[-63] MP[-8]
You take 63 damage, and now have 45/157 hp.
MASSIVE DAMAGE!! (PAUSE)
You lost 8 mp, and now have 6/25 mp.
You bite the titanic slime creature!!
You tail-slap the titanic slime creature.
You roar as the wereblood boils in your veins!
The titanic slime creature hits you!!!
You die...

Skill      XL: |  1  2  3  4  5  6  7  8  9 10 11 12 13 14 15 |
---------------+----------------------------------------------+-----
Transmutations | 2 3 4 5 6 8 10 14 17 | 17.1
Unarmed Combat | 3 4 5 6 10 11 | 11.0
Poison Magic   | 1 2 |  2.5
Spellcasting   | 3 4 6 |  6.8
Ice Magic      | 1 3 5 6 |  6.0
Fighting       | 4 10 | 10.7
Dodging        | 4 8 |  8.7

Action                     |  1- 3 |  4- 6 |  7- 9 | 10-12 | 13-15 || total
---------------------------+-------+-------+-------+-------+-------++-------
  Melee: Unarmed           |   102 |   136 |   239 |   377 |   751 ||  1605
         Kick              |    26 |    15 |       |       |     3 ||    44
         Headbutt          |    12 |     9 |     6 |       |    23 ||    50
         Punch             |     6 |     2 |       |       |    26 ||    34
         Bite              |       |       |       |       |    43 ||    43
         Tailslap          |       |       |       |       |    50 ||    50
   Cast: Beastly Appendage |    26 |    11 |       |     1 |     4 ||    42
         Spider Form       |     2 |    17 |    22 |       |       ||    41
         Wereblood         |       |     4 |     1 |    20 |    15 ||    40
         Ice Form          |       |     1 |    11 |    44 |    27 ||    83
         Dragon Form       |       |       |       |       |    36 ||    36
 Invoke: Ancestor Identity |       |     1 |     1 |       |       ||     2
         Recall Ancestor   |       |     1 |       |       |       ||     1
         Ancestor Life: He |       |       |     1 |       |       ||     1
Ability: End Transformatio |       |       |     1 |       |     1 ||     2
    Use: Scroll            |     5 |     6 |     8 |     8 |     4 ||    31
         Potion            |       |       |     2 |     3 |     3 ||     8
   Stab: Paralysed         |     2 |     5 |     1 |     4 |    25 ||    37
         Sleeping          |       |     1 |       |       |       ||     1
         Distracted        |       |       |     7 |     3 |     6 ||    16
         Confused          |       |       |     1 |     9 |    16 ||    26
 Armour: Robe              |    20 |     3 |     2 |     2 |    12 ||    39
         Skin              |       |     6 |    49 |    64 |   263 ||   382
  Dodge: Dodged            |    99 |   132 |   209 |   248 |   518 ||  1206
  Block: Other             |       |       |       |    55 |   127 ||   182
         Reflection        |       |       |       |     2 |     2 ||     4

Levels and vault maps discovered:
D:1:      evilmike_arrival_rings, layout_loops_ring
D:2:      layout_rooms, basic_altar, minmay_misc_feat_more_columns,
          minmay_close_crescents
D:3:      layout_loops_cross, gup_sewer_entry_glass, st_stairs_12,
          minmay_gold_behind_fungi
D:4:      layout_cave_pods, overflow_temple_1_default, vehumet_crystals
D:5:      layout_layer_cave, serial_shops, nicolae_shop_stone,
          nicolae_shop_bloodbath_and_beyond, glass_columns_a,
          nicolae_shop_fire_sale [nicolae_sub_dead_trees], lemuel_flame_loot_1
D:6:      layout_basic
D:7:      lemuel_bear_cage, layout_gridville, minmay_temple_entry_arrows,
          serial_shops, shop, serial_demonic, serial_demonic_c,
          serial_demonic_e, serial_demonic_g, serial_demonic_d,
          serial_park_tiny_pond
D:8:      layout_loops_ring, nicolae_uskayaw_dance_hall,
          ashenzari_conservatory_becter, lemuel_coloured_pillars_altar,
          mainiacjoe_overflow_alcove_2, dpeg_lair_monsters
D:9:      layout_cross, grunt_dithmenos_shadows, chequers_serial_rivers_room_a
D:10:     minmay_the_grid_four_pointed_star_mashed
          [minmay_the_grid_triangle_9x9_warning,
          minmay_the_grid_triangle_9x9_stretched_checkered,
          minmay_the_grid_triangle_9x9_corruption,
          minmay_the_grid_triangle_9x9_corrupted_corridor,
          minmay_the_grid_prize_diamond_cup], layout_basic,
          grunt_temple_overflow_open
D:11:     layout_loops_cross
D:12:     layout_basic, erik_orc_1
D:13:     layout_roguey
D:14:     layout_cave_pools, grunt_vaults_entry_fortified
D:15:     grunt_enter_depths_magical_seal, layout_loops_ring,
          grunt_decor_mini_mirrors, nicolae_elyvilon_peaceful_grove
Lair:1:   layout_big_grid, beast_lair_carwin_8, lemuel_fruit_fields
Lair:2:   layout_chaotic_city, palyth_hydra_swamp_entry, gauntlet_entry_generic
Lair:3:   gammafunk_lair_enchanted_lake, layout_chaotic_city,
          spider_nest_entry_rubble, basic_altar
Lair:4:   layout_regular_city, slime_entry_2
Lair:5:   grunt_lair_end_beastmaster, layout_cave_pods, enter_volcano_4,
          roderic_batcave, st_stairs_4, lemuel_fruit_fields
Orc:1:    layout_caves, uniq_jorgrun
Orc:2:    kennysheep_orc_mage_school, layout_diamond_mine, serial_shops,
          nicolae_shop_stone, nicolae_square_shop, shop, shop,
          nicolae_orc_lost_temple

Notes
Turn   | Place    | Note
-------+----------+-------------------------------------------
     0 | D:1      | kae the Demonspawn Transmuter began the quest for the Orb.
     0 | D:1      | Reached XP level 1. HP: 15/15 MP: 3/3
     0 | D:1      | magus.rc [v1.11.3]
   120 | D:1      | Reached skill level 2 in Transmutations
   153 | D:1      | Gained mutation: You regenerate magic rapidly. [demonic
                  | ancestry]
   153 | D:1      | Reached XP level 2. HP: 18/21 MP: 3/5
   158 | D:1      | HP: 4/21 [goblin/+0 dagger (4)]
   341 | D:1      | Reached skill level 3 in Unarmed Combat
   344 | D:1      | Learned a level 2 spell: Wereblood
   796 | D:1      | Identified a scroll of acquirement
   796 | D:1      | Acquired 1184 gold pieces
   888 | D:2      | Gained mutation: Spells you cast may paralyse adjacent
                  | enemies. [demonic ancestry]
   888 | D:2      | Reached XP level 3. HP: 23/26 MP: 4/6
   895 | D:2      | Learned a level 3 spell: Spider Form
  1067 | D:2      | Found a hazy altar of Hepliaklqana.
  1169 | D:2      | Became a worshipper of Hepliaklqana the Forgotten
  1510 | D:3      | Reached skill level 3 in Transmutations
  1510 | D:3      | Reached skill level 1 in Poison Magic
  1510 | D:3      | Reached XP level 4. HP: 24/32 MP: 2/7
  1637 | D:3      | Gained mutation: You have an unusually large brain. (Int
                  | +2) [demonic ancestry]
  1637 | D:3      | Reached XP level 5. HP: 37/37 MP: 9/9
  1687 | D:3      | Reached skill level 2 in Poison Magic
  2235 | D:3      | You pick up a book of Touch and begin reading...
  2235 | D:3      | You add the spells Kiss of Death, Confusing Touch and
                  | Dispel Undead to your library.
  2272 | D:4      | Reached * piety under Hepliaklqana
  2288 | D:4      | You pick up a book of Maledictions and begin reading...
  2288 | D:4      | You add the spells Anguish and Enfeeble to your library.
  2403 | D:4      | Reached skill level 3 in Spellcasting
  2421 | D:4      | Gained mutation: When hurt, damage is shared between your
                  | health and your magic reserves. [demonic ancestry]
  2421 | D:4      | Reached XP level 6. HP: 22/38 MP: 6/10
  2503 | D:4      | Reached skill level 4 in Transmutations
  2557 | D:4      | Learned a level 4 spell: Ice Form
  2623 | D:4      | Found a shimmering blue altar of Sif Muna.
  2831 | D:4      | Reached skill level 1 in Ice Magic
  3141 | D:4      | Found a radiant altar of Vehumet.
  3380 | D:5      | Entered Level 5 of the Dungeon
  3380 | D:5      | Noticed a water moccasin
  3388 | D:5      | Killed a water moccasin
  3389 | D:5      | Reached XP level 7. HP: 43/43 MP: 7/12
  3418 | D:5      | Reached skill level 4 in Unarmed Combat
  3418 | D:5      | Reached skill level 2 in Ice Magic
  3636 | D:5      | Found Dosiufico's General Store.
  3715 | D:5      | Reached skill level 5 in Transmutations
  3931 | D:5      | Found Haqie's Fire Supplies.
  4004 | D:5      | Reached ** piety under Hepliaklqana
  4005 | D:5      | Remembered your ancestor Caesarion as a hexer
  4036 | D:5      | Reached skill level 3 in Ice Magic
  4165 | D:5      | You pick up a book of Displacement and begin reading...
  4165 | D:5      | You add the spells Lesser Beckoning, Gell's Gravitas and
                  | Teleport Other to your library.
  4253 | D:5      | Found Dauho's Weapon Boutique.
  5202 | D:6      | Reached skill level 4 in Spellcasting
  5202 | D:6      | Gained mutation: You have a pair of small horns on your
                  | head. [demonic ancestry]
  5202 | D:6      | Reached XP level 8. HP: 41/48 MP: 7/14
  5735 | D:6      | Found the +9 scales of the Dragon King {rPois rF+ rC+
                  | Will+}
  5738 | D:6      | You pick up a book of the Senses and begin reading...
  5738 | D:6      | You add the spells Dazzling Flash, Agony and Silence to
                  | your library.
  5751 | D:6      | Reached skill level 4 in Ice Magic
  5894 | D:6      | Reached skill level 6 in Transmutations
  5990 | D:6      | Reached skill level 5 in Unarmed Combat
  6297 | D:7      | Reached skill level 5 in Ice Magic
  6308 | D:7      | Gained mutation: You have an extremely huge brain. (Int +4)
                  | [demonic ancestry]
  6308 | D:7      | Reached XP level 9. HP: 45/52 MP: 11/16
  6451 | D:7      | Reached skill level 5 in Spellcasting
  6451 | D:7      | Reached skill level 7 in Transmutations
  6497 | D:7      | Noticed a polar bear
  6497 | D:7      | Noticed a polar bear
  6499 | D:7      | Noticed a polar bear
  6501 | D:7      | Noticed a polar bear
  6501 | D:7      | Found a huge runed translucent gate.
  6501 | D:7      | Found a huge runed translucent gate.
  6501 | D:7      | Found a huge runed translucent gate.
  6501 | D:7      | Noticed a polar bear
  6501 | D:7      | Noticed a manticore
  6518 | D:7      | Noticed a manticore
  6529 | D:7      | Found a huge runed translucent gate.
  6569 | D:7      | Found Feigraem's Distillery.
  6668 | D:7      | Bought a potion of haste for 130 gold pieces
  6735 | D:7      | Identified the +1 scale mail of the Bull {-Tele Fly rPois
                  | Str+6}
  6740 | D:7      | Identified the +1 chain mail of Wariness {rElec rCorr MP-9
                  | Str+3}
  6800 | D:7      | Found a staircase to the Ecumenical Temple.
  6971 | D:7      | Noticed a boulder beetle
  6978 | D:7      | HP: 14/63 [boulder beetle (13)]
  6982 | D:7      | HP: 2/63 [boulder beetle (14)]
  6990 | D:7      | Killed a boulder beetle
  6991 | D:7      | Reached skill level 8 in Transmutations
  6991 | D:7      | Reached skill level 6 in Ice Magic
  7220 | D:8      | Reached skill level 6 in Unarmed Combat
  7260 | D:8      | magus.rc [v1.11.3]
  7466 | D:8      | Reached skill level 6 in Spellcasting
  7473 | D:8      | Reached XP level 10. HP: 58/58 MP: 15/19
  7503 | D:8      | Noticed a death yak
  7515 | D:8      | Killed a death yak
  7516 | D:8      | Reached skill level 7 in Unarmed Combat
  7528 | D:8      | Found a staircase to the Lair.
  7529 | D:8      | Reached *** piety under Hepliaklqana
  7529 | D:8      | Noticed a death yak
  7540 | D:8      | Noticed a death yak
  7543 | D:8      | Killed a death yak
  7544 | D:8      | Reached skill level 8 in Unarmed Combat
  7554 | D:8      | Killed a death yak
  7561 | D:8      | Reached skill level 9 in Unarmed Combat
  7740 | D:8      | Found a hide-covered altar of Uskayaw.
  8006 | D:8      | Found a shimmering altar of Xom.
  8036 | D:8      | Found a broken altar of Ashenzari.
  8324 | D:9      | Reached skill level 10 in Unarmed Combat
  8328 | D:9      | Reached skill level 2 in Fighting
  8653 | D:9      | Found a shadowy altar of Dithmenos.
  8661 | D:9      | Reached skill level 3 in Fighting
  8748 | D:9      | Noticed a two-headed ogre
  8760 | D:9      | Killed a two-headed ogre
  8761 | D:9      | Reached skill level 4 in Fighting
  8761 | D:9      | Gained mutation: You have a pair of horns on your head.
                  | [demonic ancestry]
  8761 | D:9      | Reached XP level 11. HP: 69/69 MP: 17/20
  8879 | D:9      | Reached skill level 5 in Fighting
  9250 | D:9      | Reached **** piety under Hepliaklqana
  9409 | D:10     | Entered Level 10 of the Dungeon
  9475 | D:10     | Noticed a tengu warrior
  9487 | D:10     | Killed a tengu warrior
  9488 | D:10     | Reached skill level 6 in Fighting
  9553 | D:10     | Noticed a centaur warrior
  9643 | D:10     | Killed a centaur warrior
  9649 | D:10     | Reached skill level 7 in Fighting
  9715 | D:10     | Noticed a deep elf archer
  9717 | D:10     | Noticed a stone giant
  9724 | D:10     | Killed a stone giant
  9727 | D:10     | HP: 20/91 [troll (4)]
  9734 | D:10     | HP: 18/92 [gargoyle/+0 flail (6)]
  9735 | D:10     | HP: 5/92 [gargoyle/stone arrow (14)]
  9745 | D:10     | Reached skill level 8 in Fighting
  9756 | D:10     | HP: 17/92 [troll (11)]
 10133 | D:10     | Killed a deep elf archer
 10134 | D:10     | Reached skill level 9 in Fighting
 10228 | D:10     | Identified the +7 chain mail of Leaves {rF+ rN+ Str+4
                  | Dex-3}
 10237 | D:10     | You pick up a book of Flames and begin reading...
 10237 | D:10     | You add the spells Inner Flame, Sticky Flame and Flame Wave
                  | to your library.
 10253 | D:10     | Found a snail-covered altar of Cheibriados.
 10255 | D:10     | Found an ornate altar of the Wu Jian Council.
 10276 | D:10     | Found an iron altar of Okawaru.
 10354 | D:10     | You pick up a book of the Dragon and begin reading...
 10354 | D:10     | You add the spells Cause Fear, Dragon Form and Dragon's
                  | Call to your library.
 10712 | Lair:1   | Entered Level 1 of the Lair of Beasts
 10722 | Lair:1   | Reached skill level 10 in Fighting
 10790 | Lair:1   | Reached skill level 2 in Dodging
 10968 | Lair:1   | Reached skill level 3 in Dodging
 11013 | Lair:1   | Reached skill level 4 in Dodging
 11033 | Lair:1   | Gained mutation: Spells you cast may paralyse nearby
                  | enemies. [demonic ancestry]
 11033 | Lair:1   | Reached XP level 12. HP: 71/87 MP: 15/21
 11156 | Lair:1   | Reached skill level 5 in Dodging
 11372 | Lair:1   | Reached skill level 6 in Dodging
 11536 | Lair:1   | Learned a level 7 spell: Dragon Form
 11618 | Lair:2   | Reached skill level 7 in Dodging
 11975 | Lair:2   | Reached skill level 8 in Dodging
 12127 | Lair:2   | Reached ***** piety under Hepliaklqana
 12431 | Lair:2   | Noticed a six-headed hydra
 12438 | Lair:2   | Killed a six-headed hydra
 12451 | Lair:2   | Reached skill level 9 in Transmutations
 12451 | Lair:2   | Noticed a six-headed hydra
 12455 | Lair:2   | Killed a six-headed hydra
 12515 | Lair:2   | Found a staircase to the Swamp.
 12812 | Lair:3   | Found a basalt altar of Yredelemnul.
 12832 | Lair:3   | Reached skill level 10 in Transmutations
 13329 | Lair:3   | Reached XP level 13. HP: 92/92 MP: 18/22
 13499 | Lair:3   | Found a hole to the Spider Nest.
 13666 | Lair:3   | Reached skill level 11 in Transmutations
 13680 | Lair:3   | Noticed a dire elephant
 13701 | Lair:3   | Found a runed translucent door.
 14063 | Lair:3   | Gained mutation: You are weak. (Str -2) [mutagenic glow]
 14282 | Lair:4   | Reached skill level 12 in Transmutations
 14401 | Lair:4   | HP: 24/110 [cane toad (7)]
 15067 | Lair:4   | Found a runed translucent door.
 15067 | Lair:4   | Found a viscous altar of Jiyva.
 15067 | Lair:4   | Found a staircase to the Slime Pits.
 15067 | Lair:4   | Noticed an acid blob
 15067 | Lair:4   | Noticed an acid blob
 15299 | Lair:4   | Reached skill level 13 in Transmutations
 15545 | Lair:5   | Entered Level 5 of the Lair of Beasts
 15958 | Lair:5   | Found a dark tunnel.
 15963 | Volcano  | Entered a volcano
 15977 | Volcano  | Noticed a fire dragon
 15984 | Volcano  | HP: 28/138 [fire dragon/blast of flame (12)]
 15994 | Volcano  | Killed a fire dragon
 15995 | Volcano  | HP: 33/138 [steam dragon/ball of steam (3)]
 15996 | Volcano  | Reached skill level 14 in Transmutations
 16426 | Lair:5   | Identified the +10 mace "Woess" {venom, rF- rCorr Int+3
                  | Dex+4}
 16849 | Lair:5   | Gained mutation: You have a pair of large horns on your
                  | head. [demonic ancestry]
 16849 | Lair:5   | Reached XP level 14. HP: 99/99 MP: 21/23
 16957 | Lair:5   | Reached skill level 15 in Transmutations
 16970 | Lair:5   | HP: 21/118 [death yak (13)]
 17361 | Lair:5   | You pick up a book of Burglary and begin reading...
 17361 | Lair:5   | You add the spells Passwall, Ensorcelled Hibernation and
                  | Swiftness to your library.
 17362 | Lair:5   | Identified the staff of cold "Xiedicul" {rPois rC+ SInv}
 17368 | Lair:5   | You add the spells Borgnjor's Revivification, Necromutation
                  | and Death's Door to your library.
 18592 | D:11     | Reached ****** piety under Hepliaklqana
 18698 | D:11     | magus.rc [v1.11.3]
 19210 | D:12     | Reached skill level 16 in Transmutations
 19227 | D:12     | Found a staircase to the Orcish Mines.
 19577 | Orc:1    | Entered Level 1 of the Orcish Mines
 19856 | Orc:2    | Entered Level 2 of the Orcish Mines
 19883 | Orc:2    | Found Voklad's Assorted Antiques.
 19980 | Orc:2    | Found Laasch's Armour Boutique.
 20057 | Orc:2    | Found Aryloj's Antique Armour Boutique.
 20066 | Orc:1    | Noticed Jorgrun
 20066 | Orc:1    | You are sucked into a shaft and drop 1 floor!
 20093 | Orc:1    | Killed Jorgrun
 20337 | Orc:2    | Found a staircase to the Elven Halls.
 20398 | Orc:2    | Found Feilirph's Distillery.
 20651 | Orc:2    | Found Githez's Distillery.
 20734 | Orc:2    | Found an ancient bone altar of Kikubaaqudgha.
 20754 | Orc:2    | Found Itomat's Antique Weapon Shoppe.
 20760 | Orc:2    | Noticed Erolcha
 20769 | Orc:2    | Killed Erolcha
 20770 | Orc:2    | Reached skill level 17 in Transmutations
 20772 | Orc:2    | Found a radiant altar of Vehumet.
 20835 | Orc:2    | Found Plog's Distillery.
 20835 | Orc:2    | Paralysed by an orc sorcerer for 4 turns
 20875 | Orc:2    | Found Famp's Jewellery Emporium.
 20901 | Orc:2    | Bought the amulet of the Four Winds {rN+ Will+++ Clar} for
                  | 849 gold pieces
 20901 | Orc:2    | Bought a ring of flight for 245 gold pieces
 20901 | Orc:2    | Found the amulet of the Four Winds {rN+ Will+++ Clar}
 21948 | D:13     | You pick up a book of the Senses and begin reading...
 22174 | D:13     | Reached XP level 15. HP: 104/104 MP: 17/24
 22967 | D:14     | Reached skill level 11 in Unarmed Combat
 23024 | D:14     | Found a gate to the Vaults.
 23050 | D:15     | Entered Level 15 of the Dungeon
 23075 | D:15     | Demolished by a titanic slime creature

Vanquished Creatures
  Jorgrun (Orc:1)
  A stone giant (D:10)
  A fire dragon (Volcano)
  2 hydras (Lair:2)
  3 catoblepae
  Erolcha (Orc:2)
  4 vault guards (D:14)
  2 two-headed ogres
  2 centaur warriors
  A tengu warrior (D:10)
  2 boulder beetles
  10 death yaks
  A deep elf archer (D:10)
  2 orc knights
  A lindwurm (Volcano)
  A deep elf pyromancer (D:14)
  5 ugly things
  A salamander (shapeshifter) (D:14)
  2 cyclopes
  9 orc sorcerers (Orc:2)
  3 manticores (D:13)
  10 elephants
  4 black mambas
  A black mamba (shapeshifter) (D:13)
  A rime drake (Lair:5)
  3 gargoyles
  7 cane toads
  6 yaktaurs
  2 efreet (D:14)
  2 unseen horrors
  8 komodo dragons
  2 tengu conjurers (D:14)
  2 hornets
  4 polar bears
  A tyrant leech (Lair:2)
  8 trolls
  20 blink frogs
  8 slime creatures
  A shadow (D:9)
  43 yaks
  6 basilisks
  6 fire bats (Volcano)
  3 vampire mosquitoes (D:11)
  A redback (Lair:3)
  3 steam dragons
  A swamp worm (Lair:2)
  2 wargs (Orc:1)
  2 acid dragons
  3 hell hounds (Volcano)
  9 water moccasins
  A swamp drake (D:12)
  15 orc warriors
  2 sky beasts
  An ice beast (D:6)
  4 black bears
  21 wolves
  3 boggarts (D:14)
  7 ogres
  6 centaurs
  A phantom (D:6)
  5 kobold brigands
  15 bullfrogs
  2 scorpions
  A gnoll sergeant (D:12)
  14 wights
  11 killer bees
  3 vampire bats (Lair:5)
  A hound (D:3)
  15 orc priests
  2 gnoll boudas
  A sleepcap (D:8)
  4 hell rats (Lair:1)
  5 iguanas
  21 orc wizards
  21 gnolls
  14 adders
  A shadow imp (D:6)
  3 white imps (D:7)
  3 ufetubi
  3 dart slugs
  4 worms
  51 orcs
  6 endoplasms
  6 giant cockroaches
  6 goblins
  8 hobgoblins
  6 jackals
  17 kobolds
  3 quokkas
  7 ball pythons
  6 bats
  3 frilled lizards
  6 rats
559 creatures vanquished.

Vanquished Creatures (collateral kills)
  A hydra (Lair:5)
  A centaur warrior (D:13)
  A two-headed ogre (D:9)
  A boulder beetle (D:7)
  A death yak (D:8)
  A deep troll shaman (Lair:5)
  2 orc sorcerers
  A cyclops (D:12)
  2 ugly things (D:14)
  3 elephants
  A cane toad (Lair:4)
  A komodo dragon (Lair:4)
  2 unseen horrors
  A troll (D:13)
  A polar bear (Lair:3)
  9 blink frogs
  A slime creature (D:14)
  A wyvern (D:10)
  A basilisk (D:13)
  A fire bat (Volcano)
  2 yaks
  A vampire mosquito (D:11)
  6 water moccasins
  2 orc warriors
  An ice beast (D:7)
  A sky beast (D:7)
  2 black bears (D:6)
  2 wolves
  3 centaurs
  6 bullfrogs
  A gnoll sergeant (D:9)
  3 killer bees
  3 orc priests
  A jelly (D:6)
  A sleepcap (D:5)
  16 orc wizards
  A hell rat (Lair:1)
  5 gnolls
  A shadow imp (D:7)
  A white imp (D:6)
  An ufetubus (D:7)
  A worm (D:4)
  14 orcs
  An endoplasm (D:4)
  A jackal (D:4)
  2 ball pythons (D:4)
  A frilled lizard (D:2)
  7 kobolds
  3 butterflies
123 creatures vanquished.

Vanquished Creatures (others)
  A steam dragon (Volcano)
  10 hexers
  An orc wizard (Orc:2)
  2 ancestors (D:4)
  An orc (Orc:2)
  A bush (D:15)
  A demonic plant (D:7)
  29 fungi
  17 plants
  15 toadstools
78 creatures vanquished.

Grand Total: 760 creatures vanquished

Table legend:
 A = Non-vault XP
 B = Vault XP
 C = Vault XP percentage of total XP
 D = Non-vault monster count
 E = Vault monster count
 F = Vault count percentage of total count
                 A         B        C        D         E       F
            +---------+---------+-------+---------+---------+-------
      Total |   79175 |   39130 |  33.1 |     537 |     143 |  21.0
            +---------+---------+-------+---------+---------+-------
        D:1 |      37 |       0 |   0.0 |      21 |       0 |   0.0
        D:2 |      42 |       2 |   4.5 |      17 |       1 |   5.6
        D:3 |     159 |      74 |  31.8 |      22 |       6 |  21.4
        D:4 |     281 |       0 |   0.0 |      30 |       0 |   0.0
        D:5 |     805 |       0 |   0.0 |      20 |       0 |   0.0
        D:6 |    1099 |       0 |   0.0 |      19 |       0 |   0.0
        D:7 |    2272 |      38 |   1.6 |      30 |       4 |  11.8
        D:8 |    1268 |    3226 |  71.8 |      19 |       7 |  26.9
        D:9 |    2743 |     223 |   7.5 |      41 |       1 |   2.4
       D:10 |    2488 |    4165 |  62.6 |      13 |       7 |  35.0
       D:11 |    4181 |       0 |   0.0 |      30 |       0 |   0.0
       D:12 |    2908 |     593 |  16.9 |      17 |      17 |  50.0
       D:13 |    8774 |       0 |   0.0 |      25 |       0 |   0.0
       D:14 |    8228 |    5393 |  39.6 |      21 |      10 |  32.3
       D:15 |    1758 |       0 |   0.0 |       5 |       0 |   0.0
     Lair:1 |    5002 |     865 |  14.7 |      31 |       8 |  20.5
     Lair:2 |    4688 |    2591 |  35.6 |      19 |       5 |  20.8
     Lair:3 |    5865 |     986 |  14.4 |      22 |       3 |  12.0
     Lair:4 |   12260 |       0 |   0.0 |      42 |       0 |   0.0
     Lair:5 |    8938 |    9977 |  52.7 |      33 |      26 |  44.1
      Orc:1 |    3118 |    1585 |  33.7 |      29 |       1 |   3.3
      Orc:2 |    2261 |    6234 |  73.4 |      31 |      32 |  50.8
    Volcano |       0 |    3178 | 100.0 |       0 |      15 | 100.0
            +---------+---------+-------+---------+---------+-------

Illustrated notes

Table legend:
 A = Kills in this place as a percentage of kills in the entire game.
 B = Kills by you in this place as a percentage of kills by you in the entire game.
 C = Kills by friends in this place as a percentage of kills by friends in the entire game.
 D = Other kills in this place as a percentage of other kills in the entire game.
 E = Experience gained in this place as a percentage of experience gained in the entire game.
 F = Experience gained in this place divided by the number of levels of this place that you have seen.
                   A       B       C       D       E      F
               +-------+-------+-------+-------+-------+----------------------
         Total | 100.0 | 100.0 | 100.0 | 100.0 | 100.0 | 5143.7
       Dungeon |  56.3 |  56.3 |  57.5 |  25.0 |  42.9 | 3383.8
          Lair |  27.8 |  27.9 |  27.5 |  25.0 |  43.3 | 10234.4
  Orcish Mines |  13.7 |  13.5 |  14.2 |  25.0 |  11.2 | 6599.0
       Volcano |   2.2 |   2.3 |   0.8 |  25.0 |   2.7 | 3178.0
               +-------+-------+-------+-------+-------+----------------------

Table legend: (Time is in decaauts)
 A = Elapsed time spent in this place.
 B = Non-inter-level travel time spent in this place.
 C = Inter-level travel time spent in this place.
 D = Time resting spent in this place.
 E = Time spent auto-exploring this place.
 F = Levels seen in this place.
 G = Mean time per level.
                   A        B        C        D        E       F      G
               +--------+--------+--------+--------+--------+-----+--------+
         Total |  22882 |  21780 |   1102 |    740 |  17227 |  23 |  994.9 |
       Dungeon |  14245 |  13610 |    635 |    549 |  10701 |  15 |  949.7 |
          Lair |   6860 |   6542 |    318 |    173 |   5316 |   5 | 1372.0 |
  Orcish Mines |   1477 |   1329 |    148 |      7 |   1004 |   2 |  738.5 |
       Volcano |    298 |    298 |      0 |     11 |    206 |   1 |  298.0 |
               +--------+--------+--------+--------+--------+-----+--------+

Top non-repeatable levels by time:
  Lair:5: 1995 daAuts
     D:5: 1709 daAuts
  Lair:3: 1440 daAuts
  Lair:4: 1429 daAuts
    D:10: 1293 daAuts
     D:8: 1284 daAuts
  Lair:2: 1148 daAuts
     D:6: 1134 daAuts
    D:13: 1072 daAuts
     D:4: 1033 daAuts
     D:9: 1011 daAuts
     D:3: 967 daAuts
   Orc:2: 960 daAuts
     D:7: 908 daAuts
    D:12: 880 daAuts
